 Dungeon Crawl Stone Soup version 0.23.2-33-g5129a83184 (webtiles) character file.

Game seed: 1647111017659985495

39 Descartes the Magician (level 3, -2/18 HPs)
             Began as a Spriggan Wanderer on Aug 10, 2019.
             Slain by a worm (6 damage)
             ... on level 2 of the Dungeon.
             The game lasted 00:08:04 (1352 turns).

Descartes the Magician (Spriggan Wanderer)          Turns: 1352, Time: 00:08:04

Health: -2/18      AC:  2    Str: 11    XL:     3   Next: 28%
Magic:  6/8        EV: 17    Int: 11    God:
Gold:   75         SH:  0    Dex: 15    Spells: 0/7 levels left

rFire    . . .     SeeInvis +   a - +0 dagger
rCold    . . .     Gourm    .   (shield restricted)
rNeg     . . .     Faith    .   d - +0 robe
rPois    .         Spirit   .   (helmet restricted)
rElec    .         Reflect  .   (no cloak)
rCorr    .         Harm     .   (gloves unavailable)
MR       .....                  (boots unavailable)
Stlth    ++........             (no amulet)
HPRegen  0.06/turn              (no ring)
MPRegen  0.11/turn              (no ring)

@: very quick
A: very small, unfitting armour, see invisible, herbivore, speed 3, slow
metabolism 2
a: no special abilities


You were on level 2 of the Dungeon.
You were not hungry.

You visited 1 branch of the dungeon, and saw 2 of its levels.

You collected 75 gold pieces.

Inventory:

Hand Weapons
 a - a +0 dagger (weapon)
Missiles
 e - 64 stones (quivered)
 j - 54 arrows
Armour
 d - a +0 robe (worn)
Scrolls
 b - 4 scrolls of identify {unknown}
 c - 2 scrolls of remove curse {unknown}
 k - a scroll of teleportation {unknown}
 l - a scroll of blinking {unknown}
Potions
 g - a potion of resistance {unknown}
 h - a potion of curing {unknown}
 i - 2 potions of agility {unknown}
Comestibles
 f - 3 rations


   Skills:
 + Level 1.7 Fighting
 * Level 1.0 Short Blades
 + Level 2.2 Dodging
 * Level 2.5 Stealth
 + Level 2.9 Spellcasting
 + Level 0.3 Conjurations
 + Level 0.0 Translocations
 + Level 0.0 Air Magic
   Level 1.0 Earth Magic
 + Level 2.2 Poison Magic
   Level 2.6 Evocations


You couldn't memorise any spells.
You knew the following spells:

 Your Spells              Type           Power        Failure   Level  Hunger
a - Magic Dart            Conj           #...         22%         1    #......
b - Sting                 Conj/Pois      #...         16%         1    #......
c - Mephitic Cloud        Conj/Pois/Air  #.......     50%         3    ###....
d - Blink                 Tloc           N/A          38%         2    ###....

Your spell library contained the following spells:

 Spells                   Type           Power        Failure   Level  Hunger
 Pain                     Necr           #...         26%         1    #......
 Call Imp                 Summ           #.......     38%         2    ###....
 Slow                     Hex            #.......     38%         2    ###....
 Spider Form              Tmut/Pois      #.........   45%         3    ###....
 Conjure Flame            Conj/Fire      #.......     58%         3    ###....
 Regeneration             Chrm/Necr      #.........   63%         3    ###....


Dungeon Overview and Level Annotations

Branches:
Dungeon (2/15)

Altars:


Innate Abilities, Weirdness & Mutations

You are very small and have problems with some larger weapons.
You are too small for most types of armour.
You have supernaturally acute eyesight. (SInv)
You are a herbivore.
You cover ground extremely quickly.
You need to consume almost no food.


Message History

The worm is severely wounded.
The worm bites you.
You hit the worm.
The worm is severely wounded.
The worm bites you.
You hit the worm.
The worm is severely wounded.
You hit the worm.
The worm is severely wounded.
The worm completely misses you.
You hit the worm.
The worm is severely wounded.
You hit the worm but do no damage.
The worm is severely wounded.
The worm bites you!
* * * LOW HITPOINT WARNING * * *
You hit the worm but do no damage.
The worm is severely wounded.
The worm bites you.
You die...

........###.#.......#
........'...#########
........#####
#######.# #.# #.# #.#
#w# #@# ###


You could see a worm.

Vanquished Creatures
  A dart slug (D:2)
  A leopard gecko (D:1)
  3 giant cockroaches (D:1)
  6 goblins
  6 hobgoblins
  A jackal (D:1)
  7 bats
  4 frilled lizards
  A kobold (D:1)
  4 rats
34 creatures vanquished.

Notes
Turn   | Place    | Note
-------+----------+-------------------------------------------
     0 | D:1      | Descartes the Spriggan Wanderer began the quest for the
                  | Orb.
     0 | D:1      | Descartes set off with the following items: a +0 dagger, a
                  | +0 robe, a ration; and the following spells available to
                  | memorise: Sting, Magic Dart, Pain, Blink, Call Imp, Slow,
                  | Spider Form, Mephitic Cloud, Conjure Flame, Regeneration
     0 | D:1      | Reached XP level 1. HP: 10/10 MP: 5/5
     2 | D:1      | Learned a level 1 spell: Magic Dart
     4 | D:1      | Learned a level 1 spell: Sting
   208 | D:1      | Reached skill level 1 in Stealth
   237 | D:1      | Reached XP level 2. HP: 14/14 MP: 2/6
   862 | D:2      | Reached XP level 3. HP: 11/18 MP: 6/8
  1185 | D:2      | Reached skill level 1 in Short Blades
  1192 | D:2      | Learned a level 3 spell: Mephitic Cloud
  1195 | D:2      | Learned a level 2 spell: Blink
  1352 | D:2      | Slain by a worm

Skill      XL: |  1  2  3 |
---------------+----------+-----
Stealth        | 1 2 |  2.5
Dodging        | 2 |  2.2
Short Blades   | 1 |  1.0
Fighting       | |  1.7
Spellcasting   | |  2.9
Conjurations   | |  0.3
Earth Magic    | |  1.0
Poison Magic   | |  2.2
Evocations     | |  2.6

Action                   || total
-------------------------++-------
Melee: Dagger            ||    77
 Cast: Sting             ||    41
       Magic Dart        ||     7
 Stab: Sleeping          ||     2
Armor: Robe              ||     6
Dodge: Dodged            ||    59
